 Dungeon Crawl Stone Soup version 0.30-a0-639-g3916f1956a (console) character file.

Game seed: 14400375847652445517

494 petzl the Sneak (level 7, -7/48 (52) HPs)
             Began as a Formicid Delver on Jan 16, 2023.
             Mangled by a troll (10 damage)
             ... on level 11 of the Dungeon.
             The game lasted 00:21:18 (5223 turns).

petzl the Sneak (Formicid Delver)                   Turns: 5223, Time: 00:21:19

HP:   -7/48 (52)    AC:  4    Str: 16    XL:     7   Next: 38%
MP:   17/17         EV: 17    Int: 18    God:
Gold: 309           SH:  0    Dex: 15    Spells: 19/19 levels left

rFire   . . .      SeeInvis +    h - +0 hand axe (heavy) {!f =f}
rCold   . . .      Faith    .    (no shield)
rNeg    . . .      Spirit   .    b - +0 leather armour
rPois   .          Reflect  .    (helmet unavailable)
rElec   .          Harm     .    (no cloak)
rCorr   .          Rampage  .    (no gloves)
Will    .....                    j - +0 pair of boots
Stlth   +++                      (no amulet)
HPRegen 0.28/turn                y - +5 ring of evasion
MPRegen 0.15/turn                n - +6 ring of intelligence

@: drained
A: permanent stasis, dig shafts and tunnels, antennae 3, four strong arms
a: Dig, Shaft Self


You were on level 11 of the Dungeon.
You visited 1 branch of the dungeon, and saw 12 of its levels.

You collected 309 gold pieces.

Inventory:

Hand Weapons
 a - a +0 mace
 h - a +0 heavy hand axe (weapon) {!f =f}
 m - a +2 mace of holy wrath
Missiles
 A - 8 stones (quivered)
 C - 5 poisoned darts
Armour
 b - a +0 leather armour (worn)
 j - a +0 pair of boots (worn)
Jewellery
 n - a +6 ring of intelligence (right hand)
 y - a +5 ring of evasion (left hand)
Wands
 g - a wand of digging (11)
 l - a wand of mindburst (7)
Scrolls
 c - 2 scrolls of fog
 d - 2 scrolls of magic mapping
 o - a scroll of brand weapon {unknown}
 s - a scroll of silence {unknown}
 t - a scroll of butterflies {unknown}
 u - a scroll of amnesia
 w - a scroll of immolation
 B - a scroll of torment
Potions
 e - 5 potions of curing
 k - a potion of ambrosia {unknown}
 r - 2 potions of lignification {unknown}
 v - a potion of might {unknown}
 z - a potion of heal wounds {unknown}


   Skills:
 - Level 3.2 Fighting
 - Level 2.0 Maces & Flails
 - Level 1.7 Dodging
 + Level 6.9 Stealth
 + Level 6.7 Spellcasting


You had 19 spell levels left.
You didn't know any spells.
Your spell library contained the following spells:

 Spells                   Type           Power      Damage    Failure   Level
 Beastly Appendage        Tmut           12%        N/A       14%         1
 Wereblood                Tmut           6%         N/A       21%         2
 Spider Form              Tmut/Pois      6%         N/A       38%         3
 Manifold Assault         Tloc           6%         N/A       80%         4
 Storm Form               Tmut/Air       3%         N/A       100%        7
 Blink                    Tloc           Unusable   N/A       N/A         2

Dungeon Overview and Level Annotations

Branches:
Dungeon (13/15)
 Temple: D:4-7         Lair: D:8-11         Orc: D:9-12      Vaults: D:13-14

Altars:
Ashenzari
Dithmenos
Gozag
Hepliaklqana
Makhleb
Nemelex Xobeh
Zin

Annotations:
D:2 Sigmund
D:3 Grinder
D:5 exclusion: downstairs
D:6 exclusion: upstairs
D:7 exclusions: black bear and downstairs
D:8 Pikel
D:11 exclusions: downstairs, sensed monster (detected) and upstairs
D:12 exclusions: downstairs, gargoyle, shadow and two-headed ogre


Innate Abilities, Weirdness & Mutations

You cannot be hasted, slowed, berserked, paralysed or teleported.
You can dig through walls and to a lower floor.
You have a pair of large antennae on your head. (SInv)
Your four strong arms can wield two-handed weapons with a shield.


Message History

You fall into a shaft and drop 2 floors!
The shaft crumbles and collapses.
Level annotation: exclusions: gargoyle, shadow and two-headed ogre
Found a stone staircase leading up.
Unknown command.
Unknown command.
Unknown command.
Found a stone staircase leading down.
You start resting.
HP restored.
There is a stone staircase leading up here.
There is a stone staircase leading down here.
You climb downwards.
The vampire mosquito buzzes angrily.
There is a stone staircase leading up here.
You climb upwards.
Level annotation: exclusions: gargoyle, shadow and two-headed ogre
There is a stone staircase leading down here.
Press: ? - help, v - describe, . - travel A stone staircase leading down.
Placed new exclusion.
Reduced exclusion size to a single square.
Unknown command.
There is a stone staircase leading up here.
You climb upwards.
Level annotation: exclusions: downstairs, sensed monster (detected) and upstairs The troll shouts!
You hear a shout!
The troll bites you! The troll claws you! The troll completely misses you.
Found 24 gold pieces.
Found a stone staircase leading up.
There is a stone staircase leading down, spattered with blood here.
Are you sure you want to shaft yourself?
The troll bites you but does no damage. The troll closely misses you.
The troll claws you but does no damage.
You begin to dig a shaft.
You continue digging a shaft.
The troll bites you!!
* * * LOW HITPOINT WARNING * * *
The troll claws you!
* * * LOW HITPOINT WARNING * * *
The troll claws you!
You die...

#. .$# #.#######..##
####............
............... ....
#...........# .... ...#
#....W.....<# #..# #..#
#.....!.....# #..# #..#
#.....T.....# #..# #..#
#....@......# #..#
#..####.............
#..#
#.............$.....
.... #..#
#........###########
#..# #..# #..####..#
#..# ...####..# #..#
#..# .........# #..#
#..# #........#
#..###############..###
#........#
#......................
#........#
#...>..^...............
#........#
#..###############..###
#........####..# #..#
...............# #..#
...............# #..#
.. ##..#####..# #..# .
# #..# #... #..# #...
#..# #..#


You could see a troll and a wraith.

Vanquished Creatures
  2 phantoms
  A killer bee (D:11)
  An orc priest (D:4)
  2 hounds
  A jelly (D:7)
  Jessica (D:2)
  An iguana (D:4)
  4 adders
  A gnoll (D:5)
  An ufetubus (D:5)
  3 worms
  2 dart slugs (D:4)
  5 orcs
  7 endoplasms
  6 goblins
  8 hobgoblins
  9 jackals
  2 quokkas (D:3)
  5 ball pythons
  5 bats
  4 frilled lizards
  9 kobolds
  3 rats
83 creatures vanquished.

Notes
Turn   | Place    | Note
-------+----------+-------------------------------------------
     0 | D:5      | petzl the Formicid Delver began the quest for the Orb.
     0 | D:5      | Reached XP level 1. HP: 18/18 MP: 1/1
    22 | D:5      | Reached skill level 1 in Spellcasting
    24 | D:5      | Reached XP level 2. HP: 21/24 MP: 1/4
   105 | D:6      | Noticed a wight
   229 | D:5      | Noticed a phantom
   239 | D:5      | Noticed a black bear
   395 | D:7      | Reached XP level 3. HP: 29/29 MP: 5/7
   451 | D:7      | Reached XP level 4. HP: 19/35 MP: 7/9
   561 | D:7      | Noticed a phantom
   576 | D:7      | Killed a phantom
   577 | D:7      | Reached XP level 5. HP: 23/41 MP: 10/12
   665 | D:7      | Noticed a black bear
   678 | D:8      | Noticed Pikel
   678 | D:8      | Noticed a lemure
   678 | D:8      | Noticed a lemure
   678 | D:8      | Noticed a lemure
   678 | D:8      | Noticed a lemure
   737 | D:8      | Noticed a water moccasin
   745 | D:7      | HP: 2/41 [poisoned by a gnoll sergeant]
  1034 | D:6      | Noticed a steam dragon
  1094 | D:3      | Found a broken altar of Ashenzari.
  1094 | D:3      | Found an opulent altar of Gozag.
  1094 | D:3      | Found a glowing silver altar of Zin.
  1094 | D:3      | Found a hazy altar of Hepliaklqana.
  1119 | D:3      | Reached skill level 5 in Spellcasting
  1303 | D:2      | Noticed a phantom
  1335 | D:2      | Killed a phantom
  1336 | D:2      | Reached XP level 6. HP: 41/47 MP: 12/14
  2215 | D:2      | Noticed Sigmund
  2221 | D:2      | Noticed Jessica
  2228 | D:2      | Killed Jessica
  2766 | D:3      | Found a sparkling altar of Nemelex Xobeh.
  2936 | D:4      | Found a burning altar of Makhleb.
  2938 | D:4      | Found a shadowy altar of Dithmenos.
  3398 | D:4      | Reached XP level 7. HP: 51/52 MP: 16/16
  3670 | D:3      | Noticed Grinder
  3827 | D:3      | Found a faded altar of an unknown god.
  4450 | D:5      | You fall into a shaft and drop 3 floors!
  4485 | D:8      | Noticed a hornet
  4494 | D:8      | You fall into a shaft and drop 3 floors!
  4661 | D:11     | Noticed a cyan ugly thing
  4679 | D:10     | Entered Level 10 of the Dungeon
  4679 | D:10     | Noticed a vampire mosquito
  4679 | D:10     | Noticed a vampire mosquito
  4680 | D:10     | Noticed a vampire mosquito
  4687 | D:10     | You fall into a shaft and drop 1 floor!
  4736 | D:12     | Noticed a wraith
  4763 | D:12     | Noticed a gargoyle
  4883 | D:12     | Noticed a shadow
  4883 | D:12     | Noticed a two-headed ogre
  4932 | D:13     | Noticed a boulder beetle
  5060 | D:11     | Noticed a troll
  5087 | D:10     | You fall into a shaft and drop 2 floors!
  5211 | D:13     | Noticed a vampire mosquito
  5211 | D:13     | Noticed a vampire mosquito
  5211 | D:13     | Noticed a vampire mosquito
  5220 | D:11     | Noticed a wraith
  5223 | D:11     | Mangled by a troll

Illustrated notes

Levels and vault maps discovered:
D:1:      lightli_arrival_isolated_outpost, layout_basic
D:2:      layout_rooms, dreamdust_princess_bridge, uniq_sigmund, uniq_jessica
D:3:      layout_loops_ring, chequers_temple_overflow_statue_of_worship,
          mainiacjoe_overflow_surrounded_room,
          dreamdust_ecumenical_altar_angels_and_demons, uniq_grinder
D:4:      layout_basic, grunt_temple_overflow_open
D:5:      layout_rooms, temple_statues, serial_shops, nicolae_shop_behind_doors,
          chequers_serial_rivers_room_b
D:6:      layout_basic, nicolae_shop_overcharged_wands
D:7:      layout_loops_ring
D:8:      layout_rooms, nicolae_take_the_stairs, uniq_pikel
D:10:     layout_loops_ring, serial_shops, shop_statue
D:11:     layout_small_grid, david_orc_5, uniq_nergalle
D:12:     layout_grid_maze
D:13:     layout_cave_pools, serial_shops, shop_statue

Skill      XL: |  1  2  3  4  5  6 |
---------------+-------------------+-----
Spellcasting   | 1 3 4 5 6 |  6.7
Fighting       | |  3.2
Maces & Flails | |  2.0
Dodging        | |  1.7
Stealth        | |  6.9

Action                   |  1- 3 |  4- 6 |  7- 9 || total
-------------------------+-------+-------+-------++-------
Melee: Mace              |    14 |    13 |       ||    27
       Hand axe          |    12 |   157 |    37 ||   206
       Punch             |       |     1 |       ||     1
Throw: Stone             |     5 |       |    18 ||    23
 Abil: Dig               |     1 |       |     3 ||     4
       Shaft Self        |       |       |     5 ||     5
Evoke: Wand              |       |       |     5 ||     5
  Use: Scroll            |       |     1 |     6 ||     7
 Stab: Sleeping          |     2 |    14 |     2 ||    18
       Distracted        |       |       |     1 ||     1
Armor: Leather armour    |     9 |    79 |     9 ||    97
Dodge: Dodged            |    27 |   159 |    79 ||   265

Table legend: (Time is in decaauts)
 A = Elapsed time spent in this place.
 B = Non-inter-level travel time spent in this place.
 C = Inter-level travel time spent in this place.
 D = Time resting spent in this place.
 E = Time spent auto-exploring this place.
 F = Levels seen in this place.
 G = Mean time per level.
                   A        B        C        D        E       F      G
               +--------+--------+--------+--------+--------+-----+--------+
         Total |   5419 |   5194 |    225 |   1112 |   2266 |  12 |  451.6 |
       Dungeon |   5419 |   5194 |    225 |   1112 |   2266 |  12 |  451.6 |
               +--------+--------+--------+--------+--------+-----+--------+

Top non-repeatable levels by time:
     D:4: 1209 daAuts
     D:1: 883 daAuts
     D:3: 758 daAuts
     D:2: 652 daAuts
     D:7: 578 daAuts
    D:12: 433 daAuts
     D:6: 319 daAuts
    D:11: 278 daAuts
     D:5: 236 daAuts
     D:8: 50 daAuts
    D:10: 12 daAuts
    D:13: 7 daAuts
